 Dungeon Crawl Stone Soup version 0.31-a0-700-gf13585253f (webtiles) character file.

Game seed: 14927831068076531024

28 gruber the Conjurer (level 2, 0/15 HPs)
             Began as a Deep Elf Conjurer on Sept 7, 2023.
             Slain by Terence
             ... wielding a +0 mace
              (6 damage)
             ... on level 2 of the Dungeon.
             The game lasted 00:00:38 (1060 turns).

gruber the Conjurer (Deep Elf Conjurer)             Turns: 1060, Time: 00:00:39

Health: 0/15       AC:  2    Str:  4    XL:     2   Next: 96%
Magic:  4/8        EV: 12    Int: 22    God:
Gold:   53         SH:  0    Dex: 13    Spells: 4/7 levels left

rFire   . . .        d - +0 dagger (elec)
rCold   . . .        (no shield)
rNeg    . . .        a - +0 robe
rPois   .            (no helmet)
rElec   .            (no cloak)
rCorr   .            (no gloves)
SInv    .            (no boots)
Will    .....        (no amulet)
Stlth   ++           (no ring)
HPRegen 0.22/turn    (no ring)
MPRegen 0.11/turn

%: no passive effects
@: no status effects
A: no striking features
a: no special abilities


You were on level 2 of the Dungeon.
You visited 1 branch of the dungeon, and saw 2 of its levels.

You collected 53 gold pieces.

Inventory:

Hand Weapons
 d - a +0 dagger of electrocution (weapon)
Armour
 a - a +0 robe (worn)
Jewellery
 e - a ring of positive energy
Potions
 b - a potion of magic
 c - a potion of enlightenment {unknown}


   Skills:
 - Level 2.4 Dodging
 - Level 2.4 Stealth
 - Level 3.0 Spellcasting
 + Level 5.4 Conjurations


You had 4 spell levels left.
You knew the following spells:

 Your Spells              Type           Power      Damage    Failure   Level
a - Magic Dart            Conj           100%       1d8       1%          1
b - Searing Ray           Conj           54%        2d6       1%          2

Your spell library contained the following spells:

 Spells                   Type           Power      Damage    Failure   Level
 Dazzling Flash           Conj/Hex       30%        N/A       12%         3
 Fulminant Prism          Conj/Hex       7%         3d7       38%         4
 Iskenderun's Mystic Bla  Conj/Tloc      15%        2d5       38%         4


Dungeon Overview and Level Annotations

Branches:
Dungeon (2/15)

Altars:

Shops:
D:1 *   D:2 !

Annotations:
D:2 Terence


Message History

Casting: Magic Dart (safe; 1% risk of failure)
Confirm with . or Enter, or press ? or * to list all spells.
Aiming: Searing Ray (safe; 1% risk of failure)
Press: ? - help, Shift-Dir - straight line, f - Terence
Aim: Terence, wielding a +0 mace and wearing a +1 chain mail of willpower (85% to hit)
The searing ray hits Terence.
Terence is lightly wounded. (Press . to maintain the ray.) Unknown command.
The searing ray hits Terence but does no damage.
Terence is lightly wounded.
The searing ray hits Terence.
Terence is moderately wounded.
A quokka comes into view.
Terence asks, "Do you want it fast or slow?"
The searing ray hits Terence but does no damage.
Terence is moderately wounded.
You finish channelling your searing ray.
Terence hits you with a +0 mace.
You hit Terence but do no damage.
Terence is moderately wounded.
Terence hits you with a +0 mace.
You barely miss Terence.
Terence is lightly wounded.
Terence misses you.
You hit Terence but do no damage.
Terence is lightly wounded.
Terence barely misses you.
You closely miss Terence.
Terence is lightly wounded.
Terence hits you with a +0 mace!
* * * LOW HITPOINT WARNING * * *
You are too injured to fight recklessly!
Unknown command.
Unknown command.
Terence attacks as he pursues you! Terence closely misses you.
The quokka closely misses you. Terence attacks as he pursues you!
Terence barely misses you. Terence attacks as he pursues you!
Terence hits you with a +0 mace.
You die...

.# ... #########.. ..
##........
#.#####..≈~≈.######
...#....@@r.≈∩≈.......
.....†......~~~......#
.....####.......####.#
###. #.#.#..#.##
#.).....## ##.#.....##
...#.###..# ..###..#
##.....# . #..##
...###


You could see Terence and a quokka.

Vanquished Creatures
  A worm (D:2)
  3 endoplasms (D:1)
  4 hobgoblins (D:1)
  3 kobolds (D:1)
  3 quokkas
  A ball python (D:1)
  4 frilled lizards (D:1)
  2 goblins
  2 rats (D:1)
23 creatures vanquished.

Notes
Turn   | Place    | Note
-------+----------+-------------------------------------------
     0 | D:1      | gruber the Deep Elf Conjurer began the quest for the Orb.
     0 | D:1      | Reached XP level 1. HP: 10/10 MP: 6/6
    39 | D:1      | Found Cuottuwi's General Store.
   178 | D:1      | Reached XP level 2. HP: 15/15 MP: 1/8
   245 | D:1      | Learned a level 2 spell: Searing Ray
   262 | D:1      | Reached skill level 5 in Conjurations
   947 | D:2      | Found Bidul's Distillery.
  1044 | D:2      | Noticed Terence
  1060 | D:2      | Slain by Terence

Illustrated notes

Levels and vault maps discovered:
D:1:      psy_arrival_conway, layout_loops_ring, serial_shops, shop,
          palyth_stone_intersect, minmay_tetromino_t2
D:2:      layout_rooms, basic_altar, serial_shops,
          nicolae_shop_industrial_runoff, minmay_misc_feat_encased,
          minmay_misc_feat_tiny, item_on_display_a, uniq_jessica, uniq_terence

Skill      XL: |  1  2 |
---------------+-------+-----
Conjurations   | 5 |  5.4
Dodging        | |  2.4
Stealth        | |  2.4
Spellcasting   | |  3.0

Action                     || total
---------------------------++-------
  Melee: Dagger            ||     4
   Cast: Magic Dart        ||    42
         Searing Ray       ||     1
 Armour: Robe              ||     4
  Dodge: Dodged            ||     5

Table legend: (Time is in decaauts)
 A = Elapsed time spent in this place.
 B = Non-inter-level travel time spent in this place.
 C = Inter-level travel time spent in this place.
 D = Time resting spent in this place.
 E = Time spent auto-exploring this place.
 F = Levels seen in this place.
 G = Mean time per level.
                   A        B        C        D        E       F      G
               +--------+--------+--------+--------+--------+-----+--------+
         Total |   1065 |   1041 |     24 |      0 |    947 |   2 |  532.5 |
       Dungeon |   1065 |   1041 |     24 |      0 |    947 |   2 |  532.5 |
               +--------+--------+--------+--------+--------+-----+--------+

Top non-repeatable levels by time:
     D:1: 951 daAuts
     D:2: 113 daAuts
